 Dungeon Crawl Stone Soup version 0.17-a0-1731-g129c023 (webtiles) character file.

542 Lippupalvelu the Poker (level 7, -2/61 HPs)
             Began as a Minotaur Berserker on Aug 29, 2015.
             Was a Priest of Trog.
             Slain by a sky beast (5 damage)
             ... on level 5 of the Dungeon.
             The game lasted 00:20:05 (3173 turns).

Lippupalvelu the Poker (Minotaur Berserker)         Turns: 3173, Time: 00:20:05

Health: -2/61      AC:  5    Str: 24    XL:     7   Next: 6%
Magic:  0/6        EV: 19    Int:  4    God:    Trog [***...]
Gold:   219        SH:  0    Dex: 14    Spells: 0 memorised, 6 levels left

rFire  x . .     SeeInvis .     y - +1 scythe
rCold  + . .     Clarity  .     F - +0 ring mail
rNeg   . . .     SustAt   .     (no shield)
rPois  .         Gourm    .     (helmet restricted)
rElec  .         Spirit   +     (no cloak)
rCorr  .         Warding  .     (no gloves)
rMut   .         Stasis   .     (no boots)
MR     .....                    n - amulet of guardian spirit
Stlth  ++........               (no ring)
                                E - ring of ice

@: agile, not resistant to hostile enchantments, unstealthy
A: retaliatory headbutt, horns 2
a: Burn Spellbooks, Berserk, Trog's Hand, Renounce Religion


You were on level 5 of the Dungeon.
You worshipped Trog.
Trog was most pleased with you.
You were not hungry.

You visited 1 branch of the dungeon, and saw 5 of its levels.

You collected 301 gold pieces.
You spent 82 gold pieces at shops.

Inventory:

Hand weapons
 a - a +0 spear
 d - a +0 spear
 h - a +0 short sword
 i - a +0 hand axe
 j - a +2 short sword of draining
 k - a +0 dagger
 l - a +0 club
 m - a +0 short sword
 o - a cursed -2 hunting sling
 r - a +0 dagger
 y - a +1 scythe (weapon)
 z - a +0 falchion
 A - a +0 long sword
Armour
 b - a +0 animal skin
 e - a +0 leather armour
 g - a +0 robe
 F - a +0 ring mail (worn)
Jewellery
 n - an amulet of guardian spirit (around neck)
 E - a ring of ice (left hand)
Magical devices
 D - a wand of fireball (10)
Scrolls
 q - 7 scrolls of identify
 s - a scroll of recharging
 u - a scroll of enchant armour {unknown}
 v - a scroll of amnesia
 G - a scroll of remove curse
Potions
 f - a potion of haste
 t - a potion of curing
Comestibles
 c - 4 bread rations
 w - 2 meat rations
 x - 2 fruits
 B - 3 chunks of flesh


   Skills:
 + Level 5.6 Fighting
 + Level 5.9 Polearms
 + Level 3.9 Armour
 + Level 5.3 Dodging
 + Level 0.6 Stealth


You had 6 spell levels left.
You didn't know any spells.

Dungeon Overview and Level Annotations

Branches:
Dungeon (5/15)
 Temple: D:4-7

Altars:
Fedhas
Makhleb
Okawaru
Zin
The Shining One

Shops:
D:5 *


Innate Abilities, Weirdness & Mutations

You reflexively headbutt those who attack you in melee.
You have a pair of horns on your head.


Message History

Something hits you.
* * * LOW HITPOINT WARNING * * *
Something shocks you.
* * * LOW HITPOINT WARNING * * *
Something hits you but does no damage.
Drink which item? (? for menu, Esc to quit)
It was a potion of agility.
You feel agile all of a sudden. Something closely misses you.
As you open the door, it creaks loudly! Something closely misses you.
There is an open door here.
You closely miss something. Something barely misses you. Something hits you.
* * * LOW HITPOINT WARNING * * *
Something shocks you.
* * * LOW HITPOINT WARNING * * *
You barely miss something. Your headbutt misses something. Something hits you.
* * * LOW HITPOINT WARNING * * *
Something shocks you.
You die...

... #!....... ....
#$.......
....########......
...............#
......<........+
...............#
...............#
............{..#
...........#@###
............#..#
.........<.....#
..........#.∩.##
...............#
...........##..+
...........# ..#
...........# ###
####+##....


There were no monsters in sight!

Vanquished Creatures
  Sigmund (D:3)
  A giant frog skeleton (D:4)
  A jelly (D:5)
  2 iguanas
  An orc priest (D:4)
  2 orc wizards (D:4)
  A centaur skeleton (D:4)
  2 worker ants (D:4)
  5 adders
  An adder skeleton (D:4)
  3 worms
  3 giant geckos
  3 orcs
  4 bats
  4 giant cockroaches
  5 hobgoblins
  9 kobolds
  A quokka (D:3)
  A giant newt (D:2)
  8 goblins
  A jackal (D:4)
  2 jackal skeletons (D:4)
  2 quokka skeletons
  5 rats
68 creatures vanquished.

Notes
Turn   | Place    | Note
--------------------------------------------------------------
     0 | D:1      | Lippupalvelu the Minotaur Berserker began the quest for the Orb.
     0 | D:1      | Reached XP level 1. HP: 19/19 MP: 0/0
   516 | D:1      | Reached XP level 2. HP: 22/27 MP: 1/1
   745 | D:2      | Reached skill level 4 in Fighting
   916 | D:2      | Reached XP level 3. HP: 33/33 MP: 2/2
  1064 | D:2      | Acquired Trog's second power
  1748 | D:3      | Reached XP level 4. HP: 41/41 MP: 3/3
  1957 | D:3      | Noticed Sigmund
  1967 | D:3      | Killed Sigmund
  1967 | D:3      | Reached skill level 5 in Fighting
  1967 | D:3      | Reached skill level 5 in Polearms
  1967 | D:3      | Reached XP level 5. HP: 48/48 MP: 4/4
  2173 | D:4      | Reached XP level 6. HP: 52/56 MP: 5/5
  2205 | D:4      | HP: 2/56 [orc priest/falchion (3)]
  2206 | D:4      | Reached skill level 5 in Dodging
  3004 | D:4      | Found a glowing silver altar of Zin.
  3007 | D:4      | Found a glowing golden altar of the Shining One.
  3010 | D:4      | Found a burning altar of Makhleb.
  3013 | D:4      | Found an iron altar of Okawaru.
  3086 | D:4      | Found a blossoming altar of Fedhas.
  3140 | D:5      | Entered Level 5 of the Dungeon
  3140 | D:5      | Found Duzum's General Store.
  3145 | D:5      | Reached XP level 7. HP: 43/61 MP: 4/6
  3151 | D:5      | Bought a scroll of enchant weapon for 82 gold pieces
  3173 | D:5      | HP: 3/61 [something (1)]
  3173 | D:5      | Slain by a sky beast

Vault maps used:
D:1:      evilmike_arrival_grusome_pit, minmay_parallelograms
D:3:      first_bread, grunt_ministairs_5, uniq_sigmund
D:4:      lemuel_round_altar, grunt_temple_overflow_cloverleaf,
          kennysheep_pointless_box, minmay_surrounded
D:5:      nicolae_overflow_hidden_temple, serial_shops, nicolae_shop_stone

Action                   |  1- 3 |  4- 6 |  7- 9 || total
-------------------------+-------+-------+-------++-------
Melee: Spear             |    94 |    13 |       ||   107
       Scythe            |       |    51 |     7 ||    58
Invok: Berserk           |     1 |     1 |       ||     2
  Use: Potion            |     5 |     1 |     1 ||     7
       Scroll            |     1 |     3 |     3 ||     7
  Eat: Bread ration      |     1 |       |       ||     1
       Chunk             |       |     5 |       ||     5
